 Dungeon Crawl Stone Soup version 0.30-a0-939-gc8157cb160 (webtiles) character file.

Game seed: 8861183181898339013

39471 Lobster4 the Thaumaturge (level 14, -12/103 HPs)
             Began as a Djinni Fire Elementalist on Mar 25, 2023.
             Was an Elder of Makhleb.
             Shot with a sling bullet by a minotaur (27 damage)
             ... in a Gauntlet.
             The game lasted 00:59:27 (20541 turns).

Lobster4 the Thaumaturge (DjFE)                    Turns: 20541, Time: 00:59:27

Health: -12/103    AC: 11    Str:  7    XL:     14   Next: 39%
Gold:   1345       EV: 19    Int: 24    God:    Makhleb [****..] SH:  0 Dex: 18

rFire   + + +      SeeInvis .    b - +3 longbow (freeze)
rCold   + . .      Faith    .    (shield currently unavailable)
rNeg    . . .      Spirit   .    F - +0 leather armour {rC+}
rPois   ∞          Reflect  .    x - +1 helmet {Int+3}
rElec   +          Rampage  .    H - scarf {+Inv}
rCorr   +          NoTele   +    E - +0 pair of gloves {Dex+3}
Will    +....                    (boots unavailable)
Stlth   ++                       (no amulet)
HPRegen 0.37/turn                C - +4 ring of protection
MPRegen 0.00/turn                d - +5 ring of evasion

@: resistant, flying
A: sickness immunity, fire resistance 2, cold vulnerability 1, float, innate
caster, HP casting, extra vitality 1
a: Renounce Religion, Evoke Invisibility, Minor Destruction, Lesser Servant of
Makhleb, Major Destruction


You were in a Gauntlet.
You worshipped Makhleb.
Makhleb was greatly pleased with you.
You visited 4 branches of the dungeon, and saw 19 of its levels.
You also visited: Sewer and Gauntlet.

You collected 1494 gold pieces.
You spent 149 gold pieces at shops.

Inventory:

Hand Weapons
 a - a +7 spear
 b - a +3 longbow of freezing (weapon)
 i - a +4 dagger
 D - a +1 short sword of freezing
Missiles
 e - 2 boomerangs of dispersal
 n - 28 poisoned darts
 s - 8 boomerangs
 L - 3 throwing nets
Armour
 m - a +0 ring mail of willpower
 q - the +0 hat of the Lily {Dex+3 SInv}
   (You found it in a Gauntlet)

   Dex:       It affects your dexterity (+3).
   SInv:      It lets you see invisible.
 x - a +1 helmet of intelligence (worn)
 E - a +0 pair of gloves of dexterity (worn)
 F - a +0 leather armour of cold resistance (worn)
 H - a scarf of invisibility (worn)
Jewellery
 d - a +5 ring of evasion (right hand)
 g - the ring "Onoxkigh" {Ice Will+}
   (You found it in a Gauntlet)

   [ring of ice]

   It enhances your ice magic.
   rF:        It makes you vulnerable to fire.
   rC:        It protects you from cold.
   Will:      It increases your willpower.
 h - the ring of Ashenzari's Esteem {Wiz rC- Int+3 SInv Stlth+}
   (You took it off a kobold on level 9 of the Dungeon)

   [ring of wizardry]

   It improves your spell success rate.
   Int:       It affects your intelligence (+3).
   rC:        It makes you vulnerable to cold.
   SInv:      It lets you see invisible.
   Stlth:     It makes you more stealthy.
 r - a ring of protection from fire
 C - a +4 ring of protection (left hand)
 G - a +6 ring of strength
Wands
 t - a wand of mindburst (7)
 v - a wand of quicksilver (9)
 J - a wand of paralysis (6)
 M - a wand of flame (16)
Scrolls
 j - a scroll of brand weapon
 p - a scroll of magic mapping
 u - 3 scrolls of teleportation
 y - 2 scrolls of fog
 z - 2 scrolls of identify
 A - 2 scrolls of immolation
 Q - a scroll of blinking
Potions
 c - 2 potions of cancellation
 f - 2 potions of invisibility
 k - 2 potions of lignification
 o - 6 potions of curing
 w - 5 potions of might
 B - 2 potions of haste
 I - a potion of ambrosia
 N - 2 potions of mutation


   Skills:
 + Level 10.5 Fighting
 - Level 2.0 Short Blades
 - Level 3.0 Polearms
 + Level 8.8 Ranged Weapons
 - Level 2.0 Throwing
 - Level 6.0 Armour
 - Level 6.0 Dodging
 - Level 2.0 Stealth
 * Level 11.9 Spellcasting
 - Level 3.0 Invocations
 - Level 6.0 Evocations


You knew the following spells:

 Your Spells              Type           Power      Damage    Failure   Level
a - Foxfire               Conj/Fire      100%       2x1d9     1%          1
b - Scorch                Fire           100%       2d10      1%          2
c - Momentum Strike       Conj/Tloc      100%       3d10      1%          2
d - Inner Flame           Hex/Fire       64%        N/A       1%          3
e - Flame Wave            Conj/Fire      64%        2d15      1%          4
f - Lee's Rapid Deconstr  Erth           32%        3d16*     1%          5
g - Kindle Blastsparks    Fire/Tloc/Air  100%       2d18      1%          3
h - Swiftness             Air            64%        N/A       1%          3
i - Anguish               Hex/Necr       32%        N/A       1%          4
j - Apportation           Tloc           100%       N/A       1%          1
p - Petrify               Tmut/Erth      64%        N/A       1%          4
Your spell library was empty.

Dungeon Overview and Level Annotations

Branches:
Dungeon (11/15)            Temple (1/1) D:7            Lair (5/5) D:11
  Swamp (0/4) Lair:2        Snake (0/4) Lair:3        Slime (0/5) Lair:4
    Orc (2/2) D:9           Sewer (visited)         Gauntlet (1/1)
    Elf: Orc:2

Altars:
Ashenzari
Cheibriados
Dithmenos
Elyvilon
Fedhas
Gozag
Hepliaklqana
Makhleb
Nemelex Xobeh
Okawaru
Qazlal
Ru
Trog
Uskayaw
Wu Jian
Xom
Yredelemnul
Zin
The Shining One
Jiyva

Shops:
D:4 (   D:6 [   D:11 :

Annotations:
D:1 1 exclusion
Lair:2 2 transporters, exclusion: ice statue, relicbr's ghost, journeyman SpDe
Lair:3 Fannar Gauntlet 4 transporters


Innate Abilities, Weirdness & Mutations

You are immune to sickness and miasma.
You are immune to poison.
Your flesh is very heat resistant. (rF++)
You are vulnerable to cold. (rC-)
You float through the air rather than walking.
You learn spells naturally, not from books.
Your magical power is your life essence.
You have superior vitality. (+4 MHP)


Message History

Unknown command.
The minotaur shoots a sling bullet.
The sling bullet misses you.
You feel better.
The minotaur is no longer moving slowly.
Aiming: Paralyse
Press: ? - help, Shift-Dir - straight line, f/p - minotaur
Aim: a minotaur, wielding the +1 sling "Pulol" {freeze, rC+ rN+ Str-4 Int+6}, wearing a +4 ring mail of cold resistance and quivering javelins (lightly wounded, chance to affect: 6%)
Okay, then.
Casting: Scorch (safe; 1% risk of failure)
Confirm with . or Enter, or press ? or * to list all spells.
Aiming: Petrify (safe; 1% risk of failure)
Press: ? - help, Shift-Dir - straight line, f/p - minotaur
Aim: a minotaur, wielding the +1 sling "Pulol" {freeze, rC+ rN+ Str-4 Int+6}, wearing a +4 ring mail of cold resistance and quivering javelins (lightly wounded, chance to affect: 14%)
The minotaur resists with almost no effort.
The minotaur shoots a sling bullet.
The sling bullet misses you.
You are too injured to fight recklessly!
Aiming: Quicksilver Bolt
Press: ? - help, Shift-Dir - straight line, f/p - minotaur
Aim: a minotaur, wielding the +1 sling "Pulol" {freeze, rC+ rN+ Str-4 Int+6}, wearing a +4 ring mail of cold resistance and quivering javelins (lightly wounded, 81% to hit)
The bolt of dispelling energy hits the minotaur!!
The minotaur is moderately wounded.
The minotaur shoots a sling bullet.
The sling bullet hits you!
Aiming: Quicksilver Bolt
Press: ? - help, Shift-Dir - straight line, f/p - minotaur
Aim: a minotaur, wielding the +1 sling "Pulol" {freeze, rC+ rN+ Str-4 Int+6}, wearing a +4 ring mail of cold resistance and quivering javelins (moderately wounded, 81% to hit)
The bolt of dispelling energy hits the minotaur!
The minotaur is heavily wounded.
The minotaur shoots a sling bullet.
The sling bullet closely misses you.
Aiming: Quicksilver Bolt
Press: ? - help, Shift-Dir - straight line, f/p - minotaur
Aim: a minotaur, wielding the +1 sling "Pulol" {freeze, rC+ rN+ Str-4 Int+6}, wearing a +4 ring mail of cold resistance and quivering javelins (heavily wounded, 81% to hit)
The bolt of dispelling energy misses the minotaur.
The minotaur shoots a sling bullet.
The sling bullet hits you!!
* * * LOW HITPOINT WARNING * * *
The sling bullet freezes you.
* * * LOW HITPOINT WARNING * * *
You feel better.
The minotaur shoots a sling bullet.
The sling bullet hits you but does no damage.
The minotaur shoots a sling bullet.
The sling bullet hits you!!
You die...

#. # #(. .# #.###.# #((...#
#.#######H###.# #.............#
#########H#########
##≈.○○..○.§.......≈##
#≈≈○@8©8©8©8©8©8..≈≈#
##≈○☼☼§°°☼.☼°.....≈## ### ### ###
###################
##≈###≈###≈###.................##
#≈≈≈#≈≈≈#≈≈≈#...8⌠8..8∩8..8⌠8...#
.................................
#################################
..#8©8#.......#8©8#.......#8©8#..
#.#...#..####.#...#..####.#...#..


You could see a minotaur.

Vanquished Creatures
  A dire elephant (Gauntlet)
  A green death (Gauntlet)
  Harold (D:9)
  Erica (D:10)
  A hydra (Lair:4)
  4 two-headed ogres
  A centaur warrior (D:9)
  Amaemon (Lair:3)
  A lindwurm (Lair:2)
  A deep elf pyromancer (D:10)
  An orc sorcerer (Orc:1)
  A salamander (Lair:3)
  A cyclops (D:11)
  An ugly thing (D:10)
  A manticore (Lair:2)
  5 elephants
  4 black mambas
  2 torpor snails
  7 cane toads
  3 orange demons
  A gargoyle (D:11)
  6 komodo dragons
  2 rime drakes
  A queen bee (Lair:2)
  3 meliai (Lair:2)
  A troll (D:11)
  A hornet (D:8)
  3 polar bears
  4 blink frogs
  7 dream sheep
  6 shadows (Gauntlet)
  3 wyverns
  6 flying skulls (Gauntlet)
  2 wraiths
  2 vampire mosquitoes (D:10)
  3 basilisks
  4 steam dragons
  33 yaks
  A swamp worm (Lair:2)
  A warg (Orc:1)
  16 water moccasins
  7 orc warriors
  A swamp drake (D:9)
  2 ogres
  14 wolves
  A phantom (D:5)
  3 centaurs
  2 kobold brigands
  8 bullfrogs
  2 gnoll sergeants
  5 scorpions
  11 wights
  30 killer bees
  An electric eel (Lair:4)
  A howler monkey (D:4)
  4 lava snakes (Lair:3)
  2 jellies (D:6)
  8 orc priests
  7 hounds
  2 sleepcaps (D:5)
  3 iguanas
  Natasha (thrice) (D:2)
  12 orc wizards
  8 gnolls
  8 adders
  3 river rats
  A shadow imp (D:5)
  3 worms
  5 dart slugs
  49 orcs
  9 bats
  3 endoplasms
  4 giant cockroaches (D:4)
  9 goblins
  13 hobgoblins
  2 jackals (Sewer)
  4 quokkas
  10 ball pythons
  5 frilled lizards
  16 kobolds
  8 rats
434 creatures vanquished.

Vanquished Creatures (collateral kills)
  14 foxfires
14 creatures vanquished.

Vanquished Creatures (others)
  An elephant (Lair:1)
  A centaur (D:7)
  1286 foxfires
  20 fungi
  25 plants
1333 creatures vanquished.

Grand Total: 1781 creatures vanquished

Notes
Turn   | Place    | Note
-------+----------+-------------------------------------------
     0 | D:1      | Lobster4 the Djinni Fire Elementalist began the quest for
                  | the Orb.
     0 | D:1      | Lobster4 set off with the following spells memorised:
                  | Foxfire, Scorch, Kindle Blastsparks, Inner Flame, Flame
                  | Wave.
     0 | D:1      | Reached XP level 1. HP: 15/15 MP: 0/0
    86 | D:1      | Reached XP level 2. HP: 17/21 MP: 0/0
   542 | D:1      | Reached XP level 3. HP: 23/26 MP: 0/0
   542 | D:1      | Learned a level 1 spell: Apportation
   988 | D:2      | You are sucked into a shaft and drop 1 floor!
  1098 | D:3      | Reached XP level 4. HP: 25/31 MP: 0/0
  1117 | D:3      | Found a sacrificial altar of Ru.
  1158 | D:3      | Reached skill level 1 in Fighting
  1268 | D:3      | Found a glowing drain.
  1288 | Sewer    | Entered a sewer
  1292 | Sewer    | Reached skill level 1 in Armour
  1295 | Sewer    | Reached skill level 3 in Spellcasting
  1409 | Sewer    | Noticed a kobold brigand
  1414 | Sewer    | Killed a kobold brigand
  1415 | Sewer    | Reached skill level 1 in Short Blades
  1415 | Sewer    | Reached skill level 1 in Ranged Weapons
  1415 | Sewer    | Reached XP level 5. HP: 29/38 MP: 0/0
  1415 | Sewer    | Learned a level 2 spell: Momentum Strike
  1468 | Sewer    | Found a white marble altar of Elyvilon.
  2535 | D:2      | Reached XP level 6. HP: 40/43 MP: 0/0
  2953 | D:2      | Noticed Natasha
  2958 | D:2      | Killed Natasha
  3122 | D:2      | Noticed Natasha
  3130 | D:2      | Killed Natasha
  3240 | D:2      | Noticed Natasha
  3245 | D:2      | Killed Natasha
  3384 | D:4      | Reached XP level 7. HP: 42/49 MP: 0/0
  3384 | D:4      | Learned a level 3 spell: Swiftness
  3457 | D:4      | Found Kofec's Antique Weapon Shoppe.
  3629 | D:4      | Identified the +0 scale mail of Benevolence {Harm rPois}
  4146 | D:5      | Entered Level 5 of the Dungeon
  4181 | D:5      | Reached skill level 4 in Spellcasting
  4356 | D:5      | Reached XP level 8. HP: 47/55 MP: 0/0
  5468 | D:6      | Found Boas's Armour Emporium.
  5500 | D:6      | Bought a +0 pair of gloves of dexterity for 149 gold pieces
  5993 | D:6      | Reached skill level 1 in Evocations
  5997 | D:6      | Reached skill level 1 in Throwing
  6073 | D:6      | Found a blossoming altar of Fedhas.
  6073 | D:6      | Found a sparkling altar of Nemelex Xobeh.
  6081 | D:6      | Found a faded altar of an unknown god.
  6083 | D:6      | Found a faded altar of an unknown god.
  6085 | D:6      | Found a glowing silver altar of Zin.
  6597 | D:7      | Reached skill level 5 in Spellcasting
  6597 | D:7      | Reached XP level 9. HP: 55/62 MP: 0/0
  6597 | D:7      | Learned a level 4 spell: Anguish
  6706 | D:7      | Found a staircase to the Ecumenical Temple.
  6805 | Temple   | Entered the Ecumenical Temple
  6805 | Temple   | Found a transporter.
  6805 | Temple   | Found a transporter.
  6807 | Temple   | Found a transporter.
  6807 | Temple   | Found a transporter.
  7177 | D:7      | Reached skill level 5 in Dodging
  7401 | D:8      | Noticed a hornet
  7406 | D:8      | Killed a hornet
  7891 | D:8      | Found an iron altar of Okawaru.
  7891 | D:8      | Found a bloodstained altar of Trog.
  7983 | D:8      | Reached XP level 10. HP: 64/69 MP: 0/0
  8006 | D:8      | Reached skill level 6 in Spellcasting
  8015 | D:8      | Reached skill level 5 in Fighting
  8315 | D:8      | Found a hazy altar of Hepliaklqana.
  8403 | D:9      | Reached skill level 5 in Armour
  8607 | D:9      | Noticed a two-headed ogre
  8634 | D:9      | Killed a two-headed ogre
  8716 | D:9      | Identified the ring of Ashenzari's Esteem {Wiz rC- Int+3
                  | SInv Stlth+}
  8794 | D:9      | Reached skill level 7 in Spellcasting
  9056 | D:9      | Noticed Harold
  9082 | D:9      | Killed Harold
  9114 | D:9      | Reached XP level 11. HP: 42/76 MP: 0/0
  9114 | D:9      | Learned a level 4 spell: Petrify
  9558 | D:9      | Noticed a centaur warrior
  9563 | D:9      | Killed a centaur warrior
  9564 | D:9      | Reached skill level 5 in Ranged Weapons
  9938 | D:9      | Found a staircase to the Orcish Mines.
 10251 | D:10     | Entered Level 10 of the Dungeon
 10251 | D:10     | Noticed a red ugly thing
 10389 | D:10     | Reached skill level 8 in Spellcasting
 10707 | Orc:1    | Entered Level 1 of the Orcish Mines
 10756 | Orc:1    | Noticed an orc sorcerer
 10765 | Orc:1    | Killed an orc sorcerer
 11433 | Orc:2    | Entered Level 2 of the Orcish Mines
 11446 | Orc:2    | Noticed an orc sorcerer
 11625 | D:10     | Found a snail-covered altar of Cheibriados.
 11632 | D:10     | Found a white marble altar of Elyvilon.
 11634 | D:10     | Found a burning altar of Makhleb.
 11640 | D:10     | Found a shadowy altar of Dithmenos.
 11644 | D:10     | Became a worshipper of Makhleb the Destroyer
 11647 | D:10     | Found a basalt altar of Yredelemnul.
 11787 | D:10     | Killed a red ugly thing
 11957 | D:10     | Noticed Erica
 11975 | D:10     | Killed Erica
 11976 | D:10     | Reached skill level 1 in Invocations
 12042 | D:10     | Noticed a two-headed ogre
 12071 | D:10     | Killed a two-headed ogre
 12279 | D:11     | Noticed a cyclops
 12293 | D:11     | Killed a cyclops
 12388 | D:11     | Found Querurph's Book Shoppe.
 12422 | D:11     | Noticed a two-headed ogre
 12462 | D:11     | Noticed a deep elf pyromancer
 12479 | D:10     | Killed a deep elf pyromancer
 12614 | D:11     | Noticed a two-headed ogre
 12621 | D:11     | Killed a two-headed ogre
 12622 | D:11     | Reached skill level 9 in Spellcasting
 12622 | D:11     | Reached XP level 12. HP: 79/86 MP: 0/0
 12821 | D:11     | Killed a two-headed ogre
 13027 | D:11     | Found a staircase to the Lair.
 13330 | Lair:1   | Entered Level 1 of the Lair of Beasts
 13446 | Lair:1   | Reached skill level 1 in Polearms
 13590 | Lair:1   | Reached * piety under Makhleb
 14870 | Lair:1   | Reached skill level 10 in Spellcasting
 15372 | Lair:1   | Reached XP level 13. HP: 92/94 MP: 0/0
 15372 | Lair:1   | Learned a level 5 spell: Lee's Rapid Deconstruction
 15383 | Lair:1   | Reached ** piety under Makhleb
 15639 | Lair:2   | Found a staircase to the Swamp.
 15901 | Lair:2   | Found a transporter.
 15916 | Lair:2   | Noticed relicbr's ghost (journeyman SpDe)
 16153 | Lair:2   | Found a transporter.
 16402 | Lair:2   | Reached *** piety under Makhleb
 16848 | Lair:2   | Reached skill level 5 in Evocations
 16980 | Lair:2   | Reached skill level 11 in Spellcasting
 17215 | Lair:3   | Noticed Amaemon
 17240 | Lair:3   | Killed Amaemon
 17820 | Lair:3   | Noticed Fannar
 17910 | Lair:3   | Found a staircase to the Snake Pit.
 18020 | Lair:3   | Reached **** piety under Makhleb
 18333 | Lair:4   | Reached skill level 10 in Fighting
 18409 | Lair:4   | Reached XP level 14. HP: 100/103 MP: 0/0
 18783 | Lair:4   | Found a viscous altar of Jiyva.
 18783 | Lair:4   | Found a staircase to the Slime Pits.
 19511 | Lair:5   | Entered Level 5 of the Lair of Beasts
 19581 | Lair:5   | Found a gate leading to a gauntlet.
 19603 | Gauntlet | Entered a Gauntlet
 19603 | Gauntlet | Found a transporter.
 19615 | Gauntlet | Found a transporter.
 19618 | Gauntlet | Found a transporter.
 19619 | Gauntlet | Found a transporter.
 19630 | Gauntlet | Found a transporter.
 19630 | Gauntlet | Found a transporter.
 19631 | Gauntlet | Found a transporter.
 19642 | Gauntlet | Found a transporter.
 19643 | Gauntlet | Found a transporter.
 19643 | Gauntlet | Found a transporter.
 19650 | Gauntlet | Noticed a dire elephant
 19655 | Gauntlet | Found a transporter.
 19656 | Gauntlet | Found a transporter.
 19664 | Gauntlet | Found a transporter.
 19698 | Gauntlet | Found a transporter.
 19777 | Gauntlet | Identified the +0 hat of the Lily {Dex+3 SInv}
 20169 | Gauntlet | Killed a dire elephant
 20385 | Gauntlet | Identified the ring "Onoxkigh" {Ice Will+}
 20522 | Gauntlet | Identified the +1 sling "Pulol" {freeze, rC+ rN+ Str-4
                  | Int+6}
 20522 | Gauntlet | Noticed a minotaur
 20541 | Gauntlet | Shot with a sling bullet by a minotaur

Illustrated notes

Levels and vault maps discovered:
D:1:      dpeg_arrival_rooms_a, layout_basic, item_on_display_a
D:2:      minmay_razor_zed, layout_basic, guppyfry_early_orc_mine, uniq_natasha
D:3:      layout_basic, mainiacjoe_overflow_concentric_impassable,
          cheibrodos_sewer_entry_sluice, guppyfry_early_lair_pool
D:4:      minmay_diamond_boxcup, layout_gridville, serial_shops, shop,
          ebering_dispersal_statue_hall, minmay_misc_feat_rows, st_stairs_14,
          kennysheep_generic_room_7
D:5:      layout_loops_ring, mainiacjoe_overflow_paths,
          kennysheep_generic_room_6
D:6:      layout_gridville, chequers_temple_overflow_minitemple, serial_shops,
          nicolae_shop_advertising_works [nicolae_subvault_shop_adworks],
          chequers_avenue
D:7:      layout_basic, minmay_temple_entry_nine_rooms
D:8:      layout_basic, grunt_temple_overflow_bloody_war,
          worldfamousw_hep_ancestral_shrine
D:9:      layout_roguey, erik_orc_1, library_closet, feat_on_display,
          uniq_harold
D:10:     layout_basic, nicolae_overflow_hallway_of_the_gods, grunt_decor_cap,
          uniq_erica
D:11:     layout_rooms, grunt_lair_entry_orc_guard_hut, serial_shops,
          kennysheep_mini_moat
Temple:   hellmonk_temple_divided_pantheon
Lair:1:   layout_roguey
Lair:2:   regret_index_combs_of_tragedy, layout_chaotic_city,
          minmay_swamp_entry_worms, nzn_ghost_randoct
Lair:3:   layout_gridlike, nicolae_snake_entry_warm_welcome,
          serial_bayou_shore_a, uniq_amaemon, uniq_fannar
Lair:4:   layout_roguey, dpeg_slime_entry_enclosed, nicolae_quartered_pool_super
Lair:5:   hellmonk_lair_end_abyssal_woods, layout_cave_pods,
          gauntlet_entry_generic, ldierk_geyser, minivault_26,
          chequers_serial_rivers_small_a
Orc:1:    layout_diamond_mine
Orc:2:    st_orc_rangers, layout_caves, serial_shops, shop,
          nicolae_shop_clearance
Gauntlet: gammafunk_gauntlet_77_escape_option [minmay_gauntlet_arena_77_mirror,
          minmay_gauntlet_arena_77_box, minmay_gauntlet_arena_77_hold_the_fort,
          minmay_gauntlet_arena_77_radiant_squares,
          minmay_gauntlet_arena_77_fan, dreamdust_gauntlet_exit_labyrinth]

Skill      XL: |  1  2  3  4  5  6  7  8  9 10 11 12 13 14 |
---------------+-------------------------------------------+-----
Fighting       | 1 2 3 4 6 7 8 10 | 10.5
Stealth        | 2 |  2.0
Armour         | 1 2 3 4 5 6 |  6.0
Spellcasting   | 3 4 5 7 9 10 11 | 11.9
Short Blades   | 1 2 |  2.0
Ranged Weapons | 1 2 3 4 6 7 8 |  8.8
Dodging        | 3 4 5 6 |  6.0
Evocations     | 1 3 5 6 |  6.0
Throwing       | 1 2 |  2.0
Invocations    | 2 3 |  3.0
Polearms       | 2 3 |  3.0

Action                     |  1- 3 |  4- 6 |  7- 9 | 10-12 | 13-15 || total
---------------------------+-------+-------+-------+-------+-------++-------
  Melee: Dagger            |     6 |    10 |       |       |       ||    16
         Spear             |       |       |       |       |    62 ||    62
         Punch             |       |       |       |       |     1 ||     1
   Fire: Longbow           |       |     2 |     2 |    22 |    33 ||    59
  Throw: Dart              |       |     1 |     3 |    14 |     3 ||    21
         Throwing net      |       |       |       |     1 |       ||     1
   Cast: Foxfire           |    71 |    91 |   181 |   269 |   164 ||   776
         Scorch            |     3 |    29 |    87 |   224 |   205 ||   548
         Swiftness         |       |       |     1 |       |     1 ||     2
         Anguish           |       |       |     1 |     7 |     2 ||    10
         Petrify           |       |       |       |     2 |     3 ||     5
         Flame Wave        |       |       |       |     3 |     7 ||    10
         Momentum Strike   |       |       |       |     1 |     1 ||     2
         Lee's Rapid Decon |       |       |       |       |    10 ||    10
         Inner Flame       |       |       |       |       |     4 ||     4
         Kindle Blastspark |       |       |       |       |     1 ||     1
 Invoke: Lesser Servant of |       |       |       |       |     1 ||     1
  Evoke: Wand              |       |       |     1 |     4 |     6 ||    11
    Use: Scroll            |     5 |       |     7 |    15 |     8 ||    35
         Potion            |       |       |       |     2 |    10 ||    12
 Armour: Robe              |     2 |     4 |     1 |       |       ||     7
         Leather armour    |       |       |     1 |    40 |    49 ||    90
  Dodge: Dodged            |     9 |    18 |    24 |    95 |   188 ||   334

Table legend: (Time is in decaauts)
 A = Elapsed time spent in this place.
 B = Non-inter-level travel time spent in this place.
 C = Inter-level travel time spent in this place.
 D = Time resting spent in this place.
 E = Time spent auto-exploring this place.
 F = Levels seen in this place.
 G = Mean time per level.
                   A        B        C        D        E       F      G
               +--------+--------+--------+--------+--------+-----+--------+
         Total |  20582 |  19581 |   1001 |   3493 |  12669 |  21 |  980.1 |
       Dungeon |  12242 |  11432 |    810 |   1072 |   8458 |  11 | 1112.9 |
        Temple |     33 |     33 |      0 |      0 |      7 |   1 |   33.0 |
          Lair |   6294 |   6128 |    166 |   1414 |   3624 |   5 | 1258.8 |
  Orcish Mines |    852 |    827 |     25 |    377 |    339 |   2 |  426.0 |
         Sewer |    224 |    224 |      0 |     73 |    104 |   1 |  224.0 |
      Gauntlet |    935 |    935 |      0 |    557 |    137 |   1 |  935.0 |
               +--------+--------+--------+--------+--------+-----+--------+

Top non-repeatable levels by time:
  Lair:1: 2031 daAuts
  Lair:2: 1826 daAuts
     D:9: 1789 daAuts
     D:8: 1319 daAuts
     D:2: 1282 daAuts
  Lair:4: 1219 daAuts
    D:10: 1169 daAuts
  Lair:3: 1167 daAuts
     D:5: 1152 daAuts
     D:6: 1127 daAuts
     D:3: 1050 daAuts
Gauntlet: 935 daAuts
     D:7: 898 daAuts
    D:11: 868 daAuts
   Orc:1: 831 daAuts
